Map: Frozen Temple

Players

Miszu - Winner!

  • Race: Terran Terran
  • League: Master

IlIlIlIlIlIl

  • Race: Zerg Zerg
  • League: Grandmaster

VOD

Have the link to the VOD?

Description

Time

  • Played on: April 18, 2016, 4:10 p.m.
  • Length: 8:56
Show
View Real Time Build Order
Export as new Build Order

Miszu Terran - Winner!

Build Orders: Reaper Expand, MMM Bio 

Get SALT Encoding   

  12  0:00  SCV  
  13  0:12  SCV  
  14  0:18  Supply Depot  
  14  0:24  SCV  
  15  0:39  SCV  
  15  0:41  Barracks  
  16  0:45  Refinery  
  16  0:51  SCV  
  17  1:03  SCV  
  18  1:15  SCV  
  19  1:28  Orbital Command  
  19  1:29  Reaper  
  20  1:40  Command Center  
  20  1:49  Supply Depot  
  20  1:53  SCV  
  21  2:02  Marine  
  21  2:05  SCV  
  23  2:12  Factory  
  23  2:17  SCV  
  23  2:20  Marine  
  25  2:29  SCV  
  26  2:42  SCV  
  26  2:43  Barracks Reactor  
  27  2:51  Command Center  
  27  2:52  Orbital Command  
  27  2:54  SCV  
  28  3:06  SCV  
  28  3:12  Barracks  
  29  3:18  Refinery, SCV  
  30  3:21  SCV  
  30  3:25  Barracks Tech Lab  
  30  3:26  Hellion  
  30  3:27  Hellion  
  35  3:30  SCV  
  35  3:33  SCV  
  37  3:42  SCV  
  37  3:45  SCV  
  39  3:50  Marine  
  39  3:52  Stimpack  
  39  3:54  SCV  
  41  3:57  SCV  
  41  4:00  Factory Reactor  
  41  4:01  Barracks  
  42  4:06  SCV  
  42  4:09  SCV  
  44  4:15  Marine x3  
  48  4:18  SCV  
  48  4:21  SCV, Orbital Command  
  49  4:30  SCV  
  50  4:32  Engineering Bay  
  50  4:33  Marine  
  50  4:34  Engineering Bay, SCV  
  52  4:39  Supply Depot  
  52  4:40  Refinery  
  52  4:41  Marine x2, Refinery  
  52  4:43  SCV  
  55  4:46  SCV  
  55  4:47  Factory Reactor  
  55  4:51  Marine  
  57  4:55  SCV  
  57  4:58  SCV  
  57  5:00  Marine x2  
  57  5:02  Starport, SCV  
  59  5:07  SCV  
  59  5:09  Terran Infantry Weapons Level 1, Terran Infantry Armor Level 1  
  59  5:10  Marine x3, SCV  
  63  5:17  Marine  
  63  5:21  Barracks, SCV  
  64  5:22  Barracks, Armory  
  64  5:23  Supply Depot  
  64  5:25  Supply Depot  
  64  5:26  Marine, Orbital Command  
  66  5:28  SCV  
  66  5:32  Marine, Factory Reactor  
  66  5:33  SCV  
  69  5:44  Marine x2  
  69  5:45  SCV  
  72  5:51  SCV x2  
  72  5:54  Combat Shields  
  72  5:55  Bunker  
  74  5:57  Supply Depot, Marine x2, SCV  
  74  5:58  Medivac x2  
  74  6:03  Supply Depot, SCV x2  
  83  6:06  Marine  
  83  6:07  Supply Depot  
  83  6:09  SCV  
  83  6:10  Barracks Reactor  
  85  6:13  Barracks Reactor  
  85  6:16  Refinery  
  85  6:18  Marine x2  
  85  6:19  SCV x2  
  85  6:21  SCV  
  90  6:31  SCV x2  
  70  6:49  Marine x4  
  70  6:50  Marine x5, Widow Mine x2  
  70  6:53  SCV  
  66  7:07  Marine x6  
  60  7:08  Marine  
  60  7:09  Marine x2  
  60  7:15  Medivac x2  
  63  7:18  Widow Mine x2  
  63  7:21  SCV  
  67  7:24  Marine  
  67  7:25  Marine x5, SCV  
  67  7:26  Marine, SCV  
  76  7:34  SCV  
  77  7:38  SCV x2  
  77  7:40  Marine x2  
  77  7:42  Marine  
  77  7:44  Marine  
  83  7:46  SCV  
  83  7:47  Widow Mine  
  83  7:50  SCV x2  
  88  7:55  Marine  
  88  7:57  Marine  
  88  7:58  SCV  
  91  8:02  SCV x2  
  93  8:10  SCV  
  93  8:14  SCV x2  
  85  8:20  Marine  
  85  8:22  Marine  
  85  8:23  Marine x7, Widow Mine x2  
Show
View Real Time Build Order
Export as new Build Order

IlIlIlIlIlIl Zerg 

Build Orders: Hatch First 

Get SALT Encoding   

  12  0:01  Drone  
  13  0:12  Overlord  
  13  0:18  Drone  
  14  0:32  Drone x2  
  16  0:37  Drone  
  17  0:53  Hatchery  
  17  0:56  Drone  
  17  0:59  Drone  
  18  1:15  Extractor, Spawning Pool  
  18  1:17  Drone  
  17  1:33  Drone  
  17  1:34  Drone  
  19  1:47  Overlord  
  19  2:03  Queen  
  19  2:04  Queen  
  19  2:06  Zergling x4  
  19  2:07  Drone  
  26  2:12  Drone  
  27  2:17  Metabolic Boost  
  27  2:20  Drone  
  28  2:27  Extractor  
  28  2:28  Drone x2  
  29  2:34  Drone  
  30  2:43  Queen  
  32  2:48  Overlord  
  33  3:02  Overlord  
  33  3:12  Drone  
  34  3:13  Drone x2  
  34  3:15  Overlord  
  36  3:22  Drone x3  
  36  3:24  Drone  
  36  3:25  Drone  
  41  3:28  Drone  
  41  3:29  Hatchery  
  41  3:32  Overlord  
  41  3:35  Drone  
  41  3:41  Drone  
  43  3:54  Evolution Chamber  
  42  3:57  Evolution Chamber  
  42  4:00  Drone  
  42  4:06  Drone  
  42  4:07  Drone x5  
  47  4:20  Spine Crawler  
  47  4:22  Zerg Melee Weapons Level 1, Zerg Ground Armor Level 1  
  46  4:25  Drone x2  
  46  4:26  Baneling Nest, Zergling x10  
  52  4:35  Zergling x2  
  53  4:40  Spine Crawler  
  53  4:41  Zergling x2  
  53  4:42  Zergling x4  
  51  5:00  Drone  
  51  5:01  Drone x7  
  60  5:13  Overlord, Drone x3  
  63  5:15  Drone  
  63  5:20  Hatchery  
  63  5:22  Lair, Drone x2  
  63  5:23  Overlord  
  63  5:24  Drone  
  63  5:25  Overlord  
  66  5:29  Overlord  
  66  5:35  Zergling x2  
  67  5:36  Zergling x10  
  67  5:37  Baneling x2  
  67  5:38  Baneling x2  
  67  5:40  Baneling  
  67  5:41  Zergling x6  
  74  5:58  Zergling x2  
  74  5:59  Zergling x16  
  83  6:05  Zergling x8  
  83  6:07  Baneling x2  
  83  6:08  Baneling  
  87  6:11  Zergling x4  
  87  6:29  Zergling x2  
  87  6:30  Zergling x18  
  93  6:38  Zergling x2  
  93  6:39  Zergling x10  
  86  6:51  Zergling x2  
  86  6:52  Zergling x8  
  88  6:57  Zergling x4  
  88  6:58  Zergling x2  
  90  7:08  Zergling x8  
  85  7:18  Zergling x2  
  85  7:19  Zergling x6  
  80  7:23  Burrow, Extractor  
  80  7:25  Extractor, Drone  
  80  7:26  Drone x4  
  80  7:27  Drone  
  80  7:28  Drone x5  
  86  7:37  Centrifical Hooks  
  86  7:38  Zergling x6  
  86  7:39  Zergling x2  
  88  7:46  Zergling x4  
  90  7:55  Zergling x26  
  90  7:57  Baneling x2, Hatchery  
  90  7:58  Baneling  
  102  7:59  Zergling x2  
  102  8:03  Zergling x2  
  102  8:05  Overseer  
  101  8:10  Zergling x6  
  79  8:21  Zergling x2  
  79  8:22  Zergling x6  
  79  8:25  Zergling x12  
  79  8:26  Zergling x2  
Tags
 
Add a new tag
Caveats
  • Supply blocks, unpowered buildings, or Contaminate may cause inaccurate times.
  • Supply counts are checked every 10 seconds.